← All builds
Air / Cortex / Economy first / OBSERVED BUILD

Standard air

Cortex Air build order · Supreme Isthmus

Economy-first air build: Aircraft Plant then Advanced Metal Extractor and Fusion Reactor, making transports and scouts for allies while transitioning into fighters and occasional bombers over the whole game.

Usually transports first (78%)

#eco #air #team support · 1508 distinct matches · 252 players · 81% of Cortex Air games · team won 46% of 1813 · Recently observed

HOW TO PLAY IT

Key timing: Aircraft Plant by 1:24

  1. Open 3 mex and wind, then drop Aircraft Plant early.
  2. Finish Aircraft Plant and start fighters for scouting and defense.
  3. Eat the Aircraft Plant once production needs outgrow it.
  4. Get Advanced Metal Extractor up to scale eco.
  5. Bring Fusion Reactor online and keep feeding transports, scouts, fighters to allies.

Phase by phase

TYPICAL OF ITS 1508 GAMES
  1. 1
  2. 2
  3. 3
PLAY THE OPENING

Follow the example game's first 6:00 step by step: what to build now, what comes next, and where it goes. At 1× it keeps pace with your own game.

  1. 1

    Up to the Aircraft Plant

    Economy
    • Metal Extractor3Mex
    • Wind Turbine4Wind
    Order
    1. Aircraft PlantAircraft Plant after 3 mex, 4 winddone ~1:26, middle half 1:14–1:35

    Some games also: energy storage (38%)

    By 1:07 in all: 3 mex · 4 wind

    The example game in this phase · 4 steps
    1. Mex ×3
    2. Wind ×4
    3. Energy storage
    4. Aircraft PlantAircraft Plantdone 1:29 · typical 1:26
  2. 2

    Aircraft Plant to 5:00

    Economy
    • Metal Extractor1Mex
    • Wind Turbine9Wind
    • Wind Turbine3Wind
    Builders
    • Construction Turret2 Con turret
    • Construction Aircraft1 Con aircraft
    Army
    • Valiant5 Valiant
    • Hercules2 Light transport for allies
    • Finch2 Finch for allies
    • Finch1 Finch
    • Hephaestus1 Heavy transport for allies

    Some games also: shuriken (49%) · energy storage (45%) · converter (44%) · light transport (40%)

    By 5:00 in all: 3 mex · 1 mex · 13 wind · 3 wind · 1 energy storage · 2 con turret

    The example game in this phase · 13 steps
    1. Wind
    2. FinchFinch ×2for Geo sea
    3. HerculesLight transportfor Geo sea
    4. ShurikenShuriken ×3
    5. HerculesLight transportfor Tech
    6. ValiantValiant ×2
    7. Mex
    8. Wind ×3
    9. ValiantValiant
    10. Wind ×2
    11. ValiantValiant ×2
    12. Con turret ×3
    13. HerculesLight transport
  3. 3

    5:00 to 10:00

    Economy
    • Wind Turbine21Wind
    • Wind Turbine5Wind
    • Energy Converter6Converter
    Order
    1. Aircraft PlantEat Aircraft Plant
    2. Aircraft PlantAircraft Plant after 19 wind, 18 wind, 7 converterin 58% of games
    Builders
    • Construction Turret3 Con turret
    Army
    • Valiant9 Valiant

    Some games also: shuriken (47%) · fusion (38%) · con aircraft (35%) · light transport (31%)

    By 10:00 in all: 3 mex · 1 mex · 25 wind · 20 wind · 8 converter · 1 energy storage

    The example game in this phase · 241 steps
    1. ValiantValiant ×4
    2. Wind
    3. ValiantValiant
    4. Wind
    5. ShurikenShuriken
    6. Wind
    7. ShurikenShuriken
    8. Wind
    9. ShurikenShuriken
    10. Wind ×2
    11. Construction AircraftCon aircraftfor Tech
    12. Wind ×4
    13. Converter
    14. Wind ×2
    15. ValiantValiant
    16. Advanced Metal ExtractorT2 mex ×2done 7:29 · typical 6:54
    17. Converter
    18. Aircraft PlantEat Aircraft Plantreclaimed for its metal
    19. Advanced Metal ExtractorT2 mex ×2
    20. Bot LabBot Labdone 8:34
    21. Converter
    22. Construction BotCon bot ×3
    23. Wind
    24. Construction BotCon bot
    25. Wind
    26. Construction BotCon bot
    27. Wind ×2
    28. Construction BotCon bot
    29. Converter
    30. Wind ×4
    31. Construction BotCon bot
    32. Wind ×3
    33. Construction BotCon bot
    34. Wind ×3
    35. Construction BotCon bot
    36. Wind ×2
    37. Construction BotCon bot
    38. Wind ×4
    39. Construction BotCon bot
    40. Wind ×4
    41. Construction BotCon bot
    42. Wind ×3
    43. Construction BotCon bot
    44. Wind ×3
    45. Construction BotCon bot
    46. Wind ×3
    47. Construction BotCon bot
    48. Wind ×20
    49. Aircraft PlantAircraft Plantdone 11:31
    50. Wind ×4
    51. Con turret
    52. Wind ×2
    53. Converter
    54. Wind ×3
    55. Con turret
    56. Wind ×4
    57. Converter
    58. Con turret
    59. ValiantValiant
    60. Wind ×4
    61. Con turret
    62. Wind ×3
    63. Converter
    64. ValiantValiant
    65. Wind
    66. Con turret
    67. Wind ×3
    68. Bot LabEat Bot Labreclaimed for its metal
    69. Wind
    70. Con turret
    71. Wind
    72. Converter
    73. Con turret
    74. Wind
    75. ValiantValiant
    76. Wind ×3
    77. ValiantValiant
    78. Wind
    79. ValiantValiant
    80. Wind
    81. ValiantValiant
    82. Wind
    83. Converter
    84. Wind
    85. ValiantValiant
    86. Con turret
    87. Wind
    88. Con turret
    89. Wind
    90. ValiantValiant
    91. Wind
    92. Con turret
    93. Wind
    94. Con turret
    95. Converter
    96. Wind
    97. ValiantValiant ×2
    98. Wind ×2
    99. ValiantValiant
    100. Wind
    101. ValiantValiant
    102. Wind
    103. ValiantValiant
    104. Wind
    105. ValiantValiant
    106. Converter
    107. Wind
    108. ValiantValiant
    109. Wind
    110. ValiantValiant
    111. Wind
    112. ValiantValiant
    113. Wind ×2
    114. ValiantValiant
    115. Wind
    116. ValiantValiant
    117. ShurikenShuriken ×2
    118. Wind
    119. ShurikenShuriken ×2
    120. Converter
    121. ShurikenShuriken
    122. Wind
    123. ShurikenShuriken
    124. Wind
    125. ShurikenShuriken
    126. Wind
    127. ShurikenShuriken
    128. Wind
    129. ShurikenShuriken
    130. Wind ×2
    131. ShurikenShuriken
    132. Wind
    133. Converter
    134. ShurikenShuriken
    135. Wind
    136. ShurikenShuriken
    137. Wind
    138. ShurikenShuriken
    139. Wind ×2
    140. ShurikenShuriken
    141. Wind
    142. ShurikenShuriken
    143. Converter
    144. ShurikenShuriken
    145. Wind ×2
    146. ShurikenShuriken
    147. Wind ×2
    148. ShurikenShuriken ×3
    149. Wind
    150. ShurikenShuriken
    151. Wind ×2
    152. ShurikenShuriken ×2
    153. Converter
    154. Wind
    155. ShurikenShuriken ×3
    156. ValiantValiant
    157. Wind
    158. ValiantValiant
    159. Wind ×2
    160. ValiantValiant
    161. Wind
    162. ValiantValiant ×2
    163. Converter
    164. ValiantValiant
    165. Wind
    166. ValiantValiant
    167. Wind
    168. ValiantValiant
    169. Wind
    170. ValiantValiant
    171. Wind
    172. ValiantValiant ×2
    173. Wind
    174. ValiantValiant
    175. Wind ×2
    176. WhirlwindWhirlwind
    177. Converter
    178. Wind
    179. WhirlwindWhirlwind ×2
    180. Wind ×3
    181. WhirlwindWhirlwind ×2
    182. Wind
    183. WhirlwindWhirlwind
    184. Wind
    185. Converter
    186. Wind
    187. WhirlwindWhirlwind
    188. Wind
    189. WhirlwindWhirlwind
    190. Wind ×3
    191. WhirlwindWhirlwind
    192. Wind
    193. Converter
    194. Wind
    195. WhirlwindWhirlwind
    196. Wind ×4
    197. WhirlwindWhirlwind
    198. Wind
    199. Converter
    200. Wind ×2
    201. WhirlwindWhirlwind
    202. Wind
    203. WhirlwindWhirlwind
    204. Wind ×3
    205. WhirlwindWhirlwind
    206. Wind
    207. Converter
    208. Wind
    209. ValiantValiant
    210. Wind ×2
    211. ValiantValiant ×2
    212. Wind
    213. ValiantValiant ×2
    214. Wind
    215. ValiantValiant
    216. Wind ×2
    217. ValiantValiant
    218. Converter
    219. ValiantValiant
    220. Wind
    221. ValiantValiant
    222. Wind
    223. ValiantValiant
    224. Wind ×2
    225. ValiantValiant ×2
    226. Wind
    227. ValiantValiant
    228. Converter
    229. Wind
    230. ValiantValiant
    231. Wind ×2
    232. ValiantValiant
    233. Wind
    234. ValiantValiant
    235. Wind
    236. ValiantValiant
    237. Wind
    238. ValiantValiant
    239. Wind
    240. ValiantValiant
    241. Converter

Counts are medians over the build's games: half of them build more, half fewer. The example game is VanillaChan's (30 OS, 23/09/2026); pick another.

Team trades

IN AT LEAST 30% OF ITS GAMES

You hand over

  • Finch2 Finch to Geo sea or Beach seafirst at 1:50 · in 96% of games
  • Hercules3 Light transport to Tech or Geo sea or Beach seafirst at 2:06 · in 99% of games
  • Hephaestus1 Heavy transport to Beach sea or Pond or Techfirst at 2:23 · in 71% of games

You get

  • Wind Turbine3 Wind from Beach sea or Geo seafirst at 1:37 · in 64% of games
  • Wind Turbine3 Wind from Beach sea or Geo sea or Pondfirst at 1:42 · in 46% of games
  • Construction Bot1 Con bot from Techfirst at 2:22 · in 88% of games
  • Advanced Construction Bot1 T2 con bot from Techfirst at 6:05 · in 96% of games

How it plays out

Typical game of this build, running totals by minute

Metal produced

010k20k30k
0:005:0010:0015:00

metal

Enemy metal destroyed

01k2k
0:005:0010:0015:00

metal

Own metal lost

01k2k3k
0:005:0010:0015:00

metal

1813 games.

Show as table
ByMetal produced: This buildEnemy metal destroyed: This buildOwn metal lost: This build
1:0039200
2:0092300
3:00145600
4:002052051
5:0027635173
6:003711102124
7:005089146167
8:006903190219
9:009285230270
10:0011761292379
11:0014370369533
12:0017069512781
13:00198597811101
14:002270412631689
15:002573618082409
WHAT THE NUMBERS SAY

Standard air play wins less than half its games, with very low combat losses and kills since the role mostly supports rather than fights.

  • + Own metal lost stays very low, only 2701 by 15:00.
  • + Metal production reaches 25740 by 15:00, a strong support economy.
  • − Team wins under half of games (47%).
  • − Enemy metal destroyed stays low at 2097 by 15:00, showing little direct impact.
THE EXAMPLE YOU ARE READING

VanillaChan

30.4 OS · 23/09/2026

Open source match ↗

4 received units · includes a constructor
86 metal received · 19870 energy received

Allied construction assistance is unknown. Timings are observations, not a promise of solo reproducibility.

Typical milestones

Aircraft Plant1:26Middle 50%: 1:14–1:35 · n=1813
Advanced Metal Extractor6:54Middle 50%: 6:27–7:26 · n=1753
Fusion Reactor10:52Middle 50%: 9:46–12:17 · n=1160

Played most by

TheGeneraI114games of this buildDad_The_Speedrunner72games of this buildHunfore62games of this buildDRM52games of this buildMilkdragon52games of this build
Standard air · Cortex Air build order · BAR Build Atlas